 Dungeon Crawl Stone Soup version 0.28-a0-1415-g7c84da036a (webtiles) character file.

Game seed: 933919913762858721

363 shadowrider38 the Shield-Bearer (level 6, -9/56 HPs)
             Began as a Minotaur Fighter on Jan 7, 2022.
             Mangled by an ogre (10 damage)
             ... on level 4 of the Dungeon.
             The game lasted 00:05:05 (3246 turns).

shadowrider38 the Shield-Bearer (Minotaur Fighter)  Turns: 3246, Time: 00:05:06

Health: -9/56      AC: 11    Str: 22    XL:     6   Next: 39%
Magic:  5/5        EV:  9    Int:  5    God:
Gold:   153        SH:  5    Dex: 16    Spells: 5/5 levels left

rFire   . . .      SeeInvis .   a - +0 war axe
rCold   . . .      Faith    .   c - +0 buckler
rNeg    . . .      Spirit   .   k - +0 chain mail
rPois   .          Reflect  .   (helmet restricted)
rElec   .          Harm     .   (no cloak)
rCorr   .          Rampage  .   (no gloves)
Will    .....                   j - +0 pair of boots
Stlth   ..........              (no amulet)
HPRegen 0.18/turn               m - +6 ring of dexterity
MPRegen 0.09/turn               (no ring)

@: no status effects
A: horns 2, retaliatory headbutt
a: no special abilities


You were on level 4 of the Dungeon.
You visited 1 branch of the dungeon, and saw 4 of its levels.

You collected 153 gold pieces.

Inventory:

Hand Weapons
 a - a +0 war axe (weapon)
Missiles
 i - 39 stones
 l - 13 poisoned darts (quivered)
Armour
 c - a +0 buckler (worn)
 j - a +0 pair of boots (worn)
 k - a +0 chain mail (worn)
Jewellery
 m - a +6 ring of dexterity (left hand)
Scrolls
 b - a scroll of noise {unknown}
 g - 2 scrolls of identify {unknown}
 o - a scroll of enchant weapon {unknown}
 p - a scroll of magic mapping {unknown}
 r - a scroll of fog {unknown}
 t - a scroll of summoning {unknown}
 u - a scroll of brand weapon {unknown}
Potions
 d - 2 potions of might
 e - a potion of cancellation {unknown}
 f - 2 potions of curing {unknown}
 h - a potion of degeneration {unknown}
 n - a potion of lignification {unknown}
 q - a potion of ambrosia {unknown}
 s - a potion of mutation {unknown}


   Skills:
 + Level 5.0 Fighting
 + Level 4.2 Axes
 + Level 5.0 Armour
 + Level 2.9 Dodging
 + Level 5.0 Shields


You had 5 spell levels left.
You didn't know any spells.
Your spell library contained the following spells:

 Spells                   Type           Power      Damage    Failure   Level
 Slow                     Hex            0%         N/A       99%         1
 Confusing Touch          Hex            0%         N/A       100%        3
 Conjure Flame            Conj/Fire      0%         6-21      100%        3
 Ignite Poison            Fire/Tmut/Pois 0%         N/A       100%        3
 Vampiric Draining        Necr           0%         2d6       100%        3
 Sticky Flame             Conj/Fire      0%         2d3       100%        4


Dungeon Overview and Level Annotations

Branches:
Dungeon (4/15)
 Temple: D:4-7

Altars:


Innate Abilities, Weirdness & Mutations

You have a pair of horns on your head.
You reflexively headbutt those who attack you in melee.


Message History

Throw: 15 darts (poison)
Press: ? - help, Q - select action, (/) - cycle Shift-Dir - straight line, f/p - ogre
Aim: an ogre, wielding a +0 giant club (76% to hit)
You throw a poisoned dart. The poisoned dart hits the ogre.
The ogre is poisoned.
There is an open door here.
There is a stone staircase leading up, spattered with blood here.
There is a stone staircase leading up, spattered with blood here.
Throw: 14 darts (poison)
Press: ? - help, Q - select action, (/) - cycle Shift-Dir - straight line, f/p - ogre
Aim: an ogre, wielding a +0 giant club (76% to hit)
You throw a poisoned dart.
The poisoned dart barely misses the ogre.
Unknown command.
You are already wielding that!
You barely miss the ogre. You headbutt the ogre.
The ogre is lightly wounded.
The ogre closely misses you. You furiously retaliate!
You headbutt the ogre, but do no damage.
You hit the ogre.
The ogre is moderately wounded.
The ogre hits you with a +0 giant club.
You slash the ogre! Your headbutt misses the ogre.
The ogre is severely wounded.
The ogre hits you with a +0 giant club!
You hit the ogre but do no damage.
The ogre is severely wounded.
The ogre hits you with a +0 giant club!
You barely miss the ogre.
The ogre is heavily wounded.
The ogre hits you with a +0 giant club!
* * * LOW HITPOINT WARNING * * *
You barely miss the ogre.
The ogre is heavily wounded.
The ogre hits you with a +0 giant club!
* * * LOW HITPOINT WARNING * * *
You hit the ogre.
The ogre is severely wounded.
The ogre hits you with a +0 giant club!
You die...

###(### #.....##
##.....## #
##.....## .#
##.....## ..#
##.....# #..#
#######'####...#
........O......#
###..#..@#.....##
#......[.......#
#
.............##..
.##
..##...#....##
... . #...#......
...# #.###.....##
....## ..#..
#...### .....#
#..#. ##.##
.....##.... ..#


You could see an ogre.

Vanquished Creatures
  A necrophage (D:3)
  A phantom (D:3)
  Terence (D:3)
  An orc wizard (D:4)
  3 gnolls (D:2)
  3 adders
  4 worms (D:2)
  3 dart slugs
  5 orcs
  5 ball pythons
  6 endoplasms
  3 giant cockroaches
  10 goblins
  6 hobgoblins
  A quokka (D:1)
  10 bats
  A frilled lizard (D:1)
  7 kobolds
  A quokka skeleton (D:4)
  2 rats (D:1)
74 creatures vanquished.

Vanquished Creatures (others)
  17 plants (D:1)
17 creatures vanquished.

Grand Total: 91 creatures vanquished

Notes
Turn   | Place    | Note
-------+----------+-------------------------------------------
     0 | D:1      | shadowrider38 the Minotaur Fighter began the quest for the
                  | Orb.
     0 | D:1      | Reached XP level 1. HP: 19/19 MP: 0/0
   277 | D:1      | Reached XP level 2. HP: 16/27 MP: 1/1
   829 | D:1      | Reached skill level 1 in Dodging
   933 | D:1      | Reached XP level 3. HP: 33/33 MP: 2/2
  1512 | D:2      | Found a faded altar of an unknown god.
  1650 | D:2      | Reached XP level 4. HP: 40/40 MP: 3/3
  2540 | D:3      | Reached XP level 5. HP: 47/47 MP: 4/4
  2725 | D:3      | Noticed Terence
  2742 | D:3      | Killed Terence
  3074 | D:4      | Noticed a necrophage
  3174 | D:4      | Noticed a phantom
  3174 | D:4      | Noticed an ogre
  3188 | D:3      | Killed a necrophage
  3189 | D:3      | Reached XP level 6. HP: 53/55 MP: 5/5
  3211 | D:3      | Reached skill level 5 in Fighting
  3211 | D:3      | Reached skill level 5 in Armour
  3211 | D:3      | Reached skill level 5 in Shields
  3245 | D:4      | HP: 1/56 [ogre (8)]
  3246 | D:4      | Mangled by an ogre

Illustrated notes

Levels and vault maps discovered:
D:1:      minmay_arrival_stair_chambers, layout_rooms, serial_bayou,
          serial_bayou_shore_a, serial_bayou_pond_c, serial_bayou_crossing,
          serial_bayou_lagoon_a, serial_bayou_lagoon_b, serial_bayou_shore_b,
          nrook_mini_backslash
D:2:      layout_basic, basic_ecumenical_altar, minmay_misc_feat_secret_circle,
          minmay_pentomino_r4
D:3:      layout_basic, uniq_terence
D:4:      layout_cave_pools, minmay_quadrilaterals

Skill      XL: |  1  2  3  4  5  6 |
---------------+-------------------+-----
Dodging        | 1 2 |  2.9
Shields        | 4 5 |  5.0
Fighting       | 4 5 |  5.0
Armour         | 4 5 |  5.0
Axes           | 3 4 |  4.2

Action                   |  1- 3 |  4- 6 || total
-------------------------+-------+-------++-------
Melee: War axe           |    91 |    96 ||   187
       Headbutt          |    12 |    13 ||    25
Throw: Dart              |       |     6 ||     6
Armor: Scale mail        |    26 |       ||    26
       Chain mail        |    27 |    57 ||    84
Dodge: Dodged            |    42 |    39 ||    81
Block: Buckler           |    25 |    19 ||    44

Table legend: (Time is in decaauts)
 A = Elapsed time spent in this place.
 B = Non-inter-level travel time spent in this place.
 C = Inter-level travel time spent in this place.
 D = Time resting spent in this place.
 E = Time spent auto-exploring this place.
 F = Levels seen in this place.
 G = Mean time per level.
                   A        B        C        D        E       F      G
               +--------+--------+--------+--------+--------+-----+--------+
         Total |   3371 |   3067 |    304 |    375 |   2031 |   4 |  842.8 |
       Dungeon |   3371 |   3067 |    304 |    375 |   2031 |   4 |  842.8 |
               +--------+--------+--------+--------+--------+-----+--------+

Top non-repeatable levels by time:
     D:1: 1397 daAuts
     D:2: 994 daAuts
     D:3: 799 daAuts
     D:4: 179 daAuts
